 Dungeon Crawl Stone Soup version 0.18.1-50-g88ac8fd (console) character file.

28 Goblin1989 the Firebug (level 3, 24/24 HPs)
             Began as a Demonspawn Fire Elementalist on Nov 13, 2017.
             Quit the game on level 1 of the Dungeon.
             The game lasted 00:05:15 (994 turns).

Goblin1989 the Firebug (DsFE)                        Turns: 994, Time: 00:05:16

Health: 24/24      AC:  2    Str:  8    XL:     3   Next: 0%
Magic:  4/6        EV: 12    Int: 17    God:
Gold:   51         SH:  0    Dex: 13    Spells: 1 memorised, 5 levels left

rFire  . . .     SeeInvis .     g - +0 short sword (curse)
rCold  . . .     Gourm    .     a - +0 robe
rNeg   . . .     Faith    .     (no shield)
rPois  .         Spirit   .     (no helmet)
rElec  .         Dismiss  .     (no cloak)
rCorr  .         Reflect  .     (no gloves)
SustAt .         Harm     .     (no boots)
MR     .....                    (no amulet)
Stlth  ++........               (no ring)
                                (no ring)

@: not resistant to hostile enchantments, unstealthy
A: demonic guardian 1, powered by pain 1
a: no special abilities


You were on level 1 of the Dungeon.
You were not hungry.

You visited 1 branch of the dungeon, and saw 1 of its levels.

You collected 51 gold pieces.

Inventory:

Hand Weapons
 g - a cursed +0 short sword (weapon)
 k - a +0 club
 n - a +0 club
Missiles
 o - 20 stones (quivered)
Armour
 a - a +0 robe (worn)
Scrolls
 i - 2 scrolls of noise {unknown}
Potions
 m - 2 potions of curing {unknown}
 q - a potion of degeneration {unknown}
Books
 b - a book of Flames

   Spells                             Type                      Level
   a - Flame Tongue                   Conjuration/Fire             1
   b - Throw Flame                    Conjuration/Fire             2
   c - Conjure Flame                  Conjuration/Fire             3
   d - Inner Flame                    Hexes/Fire                   3
   e - Sticky Flame                   Conjuration/Fire             4
   f - Fireball                       Conjuration/Fire             5
Comestibles
 e - a bread ration {@e1}
 p - a chunk of flesh


   Skills:
 - Level 1.7 Dodging
 - Level 1.7 Stealth
 + Level 2.2 Spellcasting
 * Level 2.0 Conjurations
 * Level 3.1 Fire Magic


You had 5 spell levels left.
You knew the following spells:

 Your Spells              Type           Power        Failure   Level  Hunger
a - Flame Tongue          Conj/Fire      ##...        10%         1    #......


Dungeon Overview and Level Annotations

Branches:
Dungeon (1/15)

Altars:


Innate Abilities, Weirdness & Mutations

A weak demonic guardian rushes to your aid.
You sometimes gain a little power by taking damage.


Message History

The flame tongue hits the giant newt.
You kill the giant newt!
You now have 3/5 mp.
Casting: Flame Tongue
Confirm with . or Enter, or press ? or * to list all spells.
You can't see any susceptible monsters within range! (Use Z to cast anyway.)
You see here a giant newt corpse.
You see here a ring mail.
A rat comes into view.
MP restored: 5
Casting: Flame Tongue
Confirm with . or Enter, or press ? or * to list all spells.
Aiming: Flame Tongue
Press: ? - help, Shift-Dir - straight line, f - rat
Aim: a rat (resting)
The flame tongue hits the rat.
You kill the rat!
You now have 4/5 mp.
You see here a ring mail.
You see here a giant newt corpse.
You butcher the giant newt corpse.
p - 2 chunks of flesh (gained 1)
You see here a ring mail.
You see here a rat corpse.
Found a stone staircase leading down.
MP restored: 5 A goblin comes into view.
It is wielding a club.
The goblin shouts!
Casting: Flame Tongue
Confirm with . or Enter, or press ? or * to list all spells.
Aiming: Flame Tongue
Press: ? - help, Shift-Dir - straight line, f - goblin
Aim: a goblin, wielding a club The flame tongue hits the goblin.
You kill the goblin!
You now have 4/5 mp.
You now have 40 gold pieces (gained 7).
You now have 51 gold pieces (gained 11).
Eating one of 2 chunks of flesh.
This raw flesh tastes terrible.
You continue eating. x2
A ball python comes into view.
MP restored: 5
Casting: Flame Tongue
Confirm with . or Enter, or press ? or * to list all spells.
Aiming: Flame Tongue
Press: ? - help, Shift-Dir - straight line, f - ball python
Aim: a ball python The flame tongue misses the ball python.
You now have 4/5 mp.
Casting: Flame Tongue
Confirm with . or Enter, or press ? or * to list all spells.
Aiming: Flame Tongue
Press: ? - help, Shift-Dir - straight line, f/p - ball python
Aim: a ball python You miscast Flame Tongue.
You are very lightly contaminated with residual magic.
You feel uncomfortably hot. The ball python bites you.
The ball python closely misses you.
You take 1 damage, and have 18/19 hp.
You now have 3/5 mp.
Casting: Flame Tongue
Confirm with . or Enter, or press ? or * to list all spells.
Aiming: Flame Tongue
Press: ? - help, Shift-Dir - straight line, f/p - ball python
Aim: a ball python You miscast Flame Tongue.
You smell something strange.
The ball python barely misses you. x2
You now have 2/5 mp.
Casting: Flame Tongue
Confirm with . or Enter, or press ? or * to list all spells.
Aiming: Flame Tongue
Press: ? - help, Shift-Dir - straight line, f/p - ball python
Aim: a ball python The flame tongue hits the ball python.
You kill the ball python!
Health restored: 19 You now have 1/5 mp.
Unknown command.
You start resting.
Your magical contamination has completely faded away.
You regained 3 mp, and now have 4/5 mp.
You start resting.
Magic restored.
MP restored: 5 A rat comes into view.
Casting: Flame Tongue
Confirm with . or Enter, or press ? or * to list all spells.
Aiming: Flame Tongue
Press: ? - help, Shift-Dir - straight line, f - rat
Aim: a rat (resting)
The flame tongue hits the rat.
You kill the rat!
You have reached level 3!
Your experience leads to an increase in your attributes!
Increase (S)trength, (I)ntelligence, or (D)exterity?
You feel clever.
Your demonic ancestry asserts itself...
You feel the presence of a demonic guardian.
Health restored: 24 You now have 4/6 mp.
Unknown command.
Are you sure you want to abandon this character and quit the game? (Confirm with "yes".) ████████ .......█ █████

██████.█ █...█ ███
█.█ █...█ ..█ █.█
█...█ ..█ █.█ █...█
..████.███████...███
................@..█
.......███████...█."█
.................█
†...
..████████████...█
.... ..█ ██.██ ...
..█ █.█ ..
███████████████.█ .
)..).............
....>.


██████████████ ██ ..... There were no monsters in sight!

Vanquished Creatures
  A dart slug (D:1)
  8 goblins (D:1)
  3 hobgoblins (D:1)
  3 kobolds (D:1)
  A ball python (D:1)
  4 bats (D:1)
  A giant newt (D:1)
  4 rats (D:1)
25 creatures vanquished.

Notes
Turn   | Place    | Note
--------------------------------------------------------------
     0 | D:1      | Goblin1989 the Demonspawn Fire Elementalist began the quest for the Orb.
     0 | D:1      | Reached XP level 1. HP: 13/13 MP: 3/3
   188 | D:1      | Gained mutation: You sometimes gain a little power by taking damage. [demonic ancestry]
   188 | D:1      | Reached XP level 2. HP: 19/19 MP: 0/5
   327 | D:1      | Reached skill level 3 in Fire Magic
   993 | D:1      | Gained mutation: A weak demonic guardian rushes to your aid. [demonic ancestry]
   993 | D:1      | Reached XP level 3. HP: 24/24 MP: 4/6
   994 | D:1      | Quit the game

Skill      XL: |  1  2 |
---------------+-------+-----
Fire Magic     | 3 |  3.1
Conjurations   | 2 |  2.0
Dodging        | |  1.7
Stealth        | |  1.7
Spellcasting   | |  2.2

Action                   || total
-------------------------++-------
 Cast: Flame Tongue      ||    38
  Use: Scroll            ||     1
  Eat: Chunk             ||     1
Armor: Robe              ||     5
Dodge: Dodged            ||    36

Vault maps used:
D:1:      shiori_arrival_maze
